 Dungeon Crawl Stone Soup version 0.28-a0-828-g0121872642 (webtiles) character file.

Game seed: 5419980998723946312

5021 freelancePsychic the Destroyer (level 10, 0/91 HPs)
             Began as a Naga Earth Elementalist on Nov 10, 2021.
             Was a Follower of Vehumet.
             Slain by a gnoll sergeant (6 damage)
             ... in a bailey.
             The game lasted 00:25:27 (9736 turns).

freelancePsychic the Destroyer (NaEE)               Turns: 9736, Time: 00:25:28

Health: 0/91       AC: 11    Str: 11    XL:     10   Next: 55%
Magic:  0/16       EV: 10    Int: 24    God:    Vehumet [*.....]
Gold:   537        SH:  0    Dex: 12    Spells: 9/17 levels left

rFire   + + .      SeeInvis +   a - +4 dagger (drain)
rCold   . . .      Faith    .   (no shield)
rNeg    . . .      Spirit   +   g - +2 robe {rF+}
rPois   +          Reflect  .   e - +2 helmet
rElec   .          Harm     .   l - +1 cloak {Will+}
rCorr   .          Rampage  .   (no gloves)
Will    ++...                   (no barding)
Stlth   +++.......              i - amulet of guardian spirit
HPRegen 0.25/turn               y - ring of protection from fire
MPRegen 0.15/turn               B - +6 ring of intelligence

@: brilliant, lethally poisoned (0 -> 0), very slow
A: AC +3, large, see invisible, deformed body, poison resistance, slowness 2,
spit poison 1, naga tail 1
a: Spit Poison, Renounce Religion


You were in a bailey.
You worshipped Vehumet.
Vehumet was aware of your devotion.
You visited 2 branches of the dungeon, and saw 9 of its levels.
You also visited: Ossuary and Bailey.

You collected 537 gold pieces.

Inventory:

Hand Weapons
 a - a +4 dagger of draining (weapon)
 w - a +1 dagger of holy wrath
Missiles
 c - 156 stones
 n - 4 throwing nets
Armour
 e - a +2 helmet (worn)
 g - a +2 robe of fire resistance (worn)
 l - a +1 cloak of willpower (worn)
Magical Staves
 b - a staff of conjuration
Jewellery
 i - an amulet of guardian spirit (around neck)
 y - a ring of protection from fire (left hand)
 B - a +6 ring of intelligence (right hand)
Wands
 d - a wand of iceblast (8)
 x - a wand of flame (12)
 D - a wand of mindburst (15)
Scrolls
 o - a scroll of enchant armour
 p - a scroll of vulnerability
 u - 2 scrolls of blinking
 v - 2 scrolls of fog
 C - a scroll of teleportation {@r4}
Potions
 f - 5 potions of curing {unknown}
 h - a potion of berserk rage
 j - a potion of ambrosia {unknown}
 k - 2 potions of attraction
 m - a potion of magic {unknown}
 q - 2 potions of degeneration {unknown}
 r - 3 potions of lignification
 s - 2 potions of brilliance
 t - 2 potions of mutation {unknown}
 A - a potion of resistance {unknown}
 E - 2 potions of flight
 F - a potion of cancellation {unknown}


   Skills:
 + Level 6.0 Fighting
 - Level 4.0 Short Blades
 - Level 1.5 Dodging
 - Level 6.7 Stealth
 + Level 4.4 Spellcasting
 - Level 8.6 Conjurations
 - Level 1.0 Transmutations
 - Level 6.9 Fire Magic
 + Level 1.1 Ice Magic
 - Level 4.9 Earth Magic


You had 9 spell levels left.
You knew the following spells:

 Your Spells              Type           Power      Damage    Failure   Level
a - Sandblast             Erth           86%        2d18      1%          1
b - Stone Arrow           Conj/Erth      100%       3d13      1%          3
e - Flame Wave            Conj/Fire      59%        3d11      3%          4

Your spell library contained the following spells:

 Spells                   Type           Power      Damage    Failure   Level
 Freeze                   Ice            64%        1d8       6%          1
 Foxfire                  Conj/Fire      100%       2x1d9     1%          1
 Conjure Flame            Conj/Fire      59%        6-21      1%          3
 Passwall                 Tmut/Erth      24%        N/A       4%          2
 Inner Flame              Hex/Fire       33%        N/A       7%          3
 Ensorcelled Hibernation  Hex/Ice        24%        N/A       11%         2
 Blink                    Tloc           16%        N/A       14%         2
 Ozocubu's Armour         Ice            16%        N/A       17%         3
 Spider Form              Tmut/Pois      11%        N/A       22%         3
 Petrify                  Tmut/Erth      29%        N/A       26%         4
 Lesser Beckoning         Tloc           8%         N/A       28%         3
 Manifold Assault         Tloc           8%         N/A       95%         5
 Ozocubu's Refrigeration  Ice            8%         4d6       100%        7
 Storm Form               Tmut/Air       5%         N/A       100%        7


Dungeon Overview and Level Annotations

Branches:
Dungeon (8/15)             Temple (1/1) D:7         Ossuary (visited)
 Bailey (1/1)
   Lair: D:8-11

Altars:
Ashenzari
Cheibriados
Dithmenos
Elyvilon
Fedhas
Gozag
Hepliaklqana
Kikubaaqudgha
Makhleb
Nemelex Xobeh
Okawaru
Qazlal
Ru
Sif Muna
Trog
Uskayaw
Vehumet
Wu Jian
Xom
Yredelemnul

Shops:
D:1 =

Annotations:
D:3 Sigmund


Innate Abilities, Weirdness & Mutations

Your serpentine skin is tough. (AC +3)
You have supernaturally acute eyesight. (SInv)
Armour fits poorly on your strangely shaped body.
Your system is resistant to poisons. (rPois)
You cover ground very slowly.
You can spit poison.
You have a snake-like lower body.


Message History

The gnoll sergeant is severely wounded.
The flame wave engulfs the gnoll shaman!
The gnoll shaman is severely wounded.
You feel sick.
You hear a shout!
The gnoll sergeant closely misses you.
The gnoll shaman invokes the aid of its god against you.
You resist with almost no effort.
A wave of flame ripples out!
The flame wave engulfs the gnoll sergeant.
The gnoll sergeant is almost dead.
The flame wave engulfs the gnoll shaman!
You kill the gnoll shaman!
Vehumet accepts your kill.
The flame wave engulfs the gnoll sergeant!
The gnoll sergeant is moderately wounded.
You finish channelling waves of flame.
You feel sick.
You hear a shout!
The gnoll sergeant closely misses you.
Your Ice Magic skill increases to level 1!
You feel clever all of a sudden.
You feel sick. The gnoll sergeant barely misses you.
The gnoll sergeant hits you from afar with a +0 glaive!
* * * LOW HITPOINT WARNING * * *
Casting: Flame Wave (dangerous; 3% risk of failure)
Confirm with . or Enter, or press ? or * to list all spells.
Casting: Flame Wave (dangerous; 3% risk of failure)
Press: ? - help, Dir - look around, f - activate You feel a surge of power!
A wave of flame ripples out!
The flame wave engulfs the gnoll sergeant!
You kill the gnoll sergeant!
Vehumet accepts your kill. (Press . to intensify the flame waves.)
You feel sick.
The gnoll sergeant hits you from afar with a +0 glaive.
* * * LOW HITPOINT WARNING * * *
Without enough magic to sustain them, the waves of flame dissipate.
You feel sick.
The gnoll sergeant hits you from afar with a +0 glaive.
You die...

≈≈≈≈≈♣ #...≈≈♣♣
#..≈.♣ #..≈.♣♣
#..≈..♣♣♣♣♣# #
#..≈.......# .##
#..≈.......#
..######..≈)..g...#
)).#.).'....g.g.@.#
...').)'....)÷∩))∩#
...#...'....).....#
..######..≈.......#
.## #..≈.......# #
#..≈.......#
#..≈..♣♣♣♣♣#
#..≈.♣♣ ###..≈.♣


You could see a gnoll sergeant, a gnoll shaman and a gnoll.

Vanquished Creatures
  Joseph (D:8)
  A komodo dragon (D:8)
  6 slime creatures
  2 water moccasins (D:7)
  2 orc warriors
  2 ice beasts
  2 black bears
  A necrophage (D:4)
  2 ogres
  2 centaurs
  A kobold brigand (D:7)
  2 bullfrogs
  3 gnoll sergeants (Bailey)
  4 scorpions
  2 wyvern zombies (D:7)
  A water moccasin zombie (D:7)
  An electric eel (D:8)
  A bullfrog zombie (D:7)
  2 centaur zombies
  5 hounds
  3 gnoll shamans (Bailey)
  A bullfrog skeleton (D:6)
  4 iguanas
  3 orc priests
  Crazy Yiuf (D:3)
  3 centaur skeletons
  Jessica (D:2)
  4 orc wizards (D:4)
  3 killer bee zombies (D:7)
  8 mummies (Ossuary)
  2 howler monkey zombies (D:7)
  10 gnolls
  2 howler monkey skeletons
  2 river rats (D:6)
  12 adders
  A shadow imp (D:6)
  3 worms
  A dart slug (D:4)
  30 orcs
  6 endoplasms
  3 giant cockroaches
  2 gnoll zombies (Ossuary)
  5 goblins
  7 hobgoblins
  3 jackals (D:5)
  4 quokkas
  7 ball pythons
  6 bats
  A frilled lizard (D:2)
  4 hobgoblin zombies (Ossuary)
  10 kobolds
  2 orc zombies (Ossuary)
  6 rats
203 creatures vanquished.

Vanquished Creatures (others)
  An orc wizard (D:8)
  An orc (D:8)
2 creatures vanquished.

Grand Total: 205 creatures vanquished

Notes
Turn   | Place    | Note
-------+----------+-------------------------------------------
     0 | D:1      | freelancePsychic the Naga Earth Elementalist began the
                  | quest for the Orb.
     0 | D:1      | Reached XP level 1. HP: 15/15 MP: 3/3
   284 | D:1      | Reached XP level 2. HP: 22/22 MP: 5/5
   415 | D:1      | Noticed a shining eye
   421 | D:1      | Found a faded altar of an unknown god.
   422 | D:1      | Noticed a great orb of eyes
   428 | D:1      | Noticed an eye of devastation
   625 | D:1      | Noticed a great orb of eyes
   916 | D:1      | Found Seby's Jewellery Emporium.
  1094 | D:2      | Reached skill level 1 in Conjurations
  1094 | D:2      | Reached XP level 3. HP: 28/28 MP: 1/6
  1200 | D:2      | Noticed Jessica
  1208 | D:2      | Killed Jessica
  1419 | D:2      | Reached XP level 4. HP: 34/36 MP: 7/7
  2067 | D:3      | Noticed a bullfrog
  2072 | D:2      | Killed a bullfrog
  2073 | D:2      | Reached skill level 2 in Conjurations
  2073 | D:2      | Reached XP level 5. HP: 25/42 MP: 5/9
  2397 | D:2      | Reached skill level 5 in Stealth
  2590 | D:3      | Noticed Sigmund
  3227 | D:3      | Reached XP level 6. HP: 49/49 MP: 10/10
  3299 | D:3      | Found a runed translucent door.
  3300 | D:3      | Noticed Crazy Yiuf
  3310 | D:3      | Killed Crazy Yiuf
  3311 | D:3      | Reached skill level 1 in Short Blades
  3542 | D:4      | Learned a level 3 spell: Stone Arrow
  3625 | D:4      | Found a hide-covered altar of Uskayaw.
  3771 | D:4      | Reached skill level 3 in Conjurations
  3800 | D:4      | Noticed a necrophage
  3816 | D:4      | Reached XP level 7. HP: 53/55 MP: 9/11
  3879 | D:4      | Found a stormy altar of Qazlal.
  4139 | D:4      | Found an ornate altar of the Wu Jian Council.
  4176 | D:4      | Reached skill level 1 in Fire Magic
  4422 | D:4      | Reached skill level 4 in Conjurations
  4676 | D:5      | Entered Level 5 of the Dungeon
  4708 | D:5      | Found a sand-covered staircase.
  4726 | D:5      | Reached XP level 8. HP: 34/62 MP: 5/12
  4867 | Ossuary  | Entered an ossuary
  5606 | D:5      | Reached skill level 5 in Conjurations
  5752 | D:5      | Found a sparkling altar of Nemelex Xobeh.
  6045 | D:5      | Found a shimmering altar of Xom.
  6562 | D:6      | Reached skill level 6 in Conjurations
  6700 | D:6      | Reached skill level 1 in Fighting
  6700 | D:6      | Reached XP level 9. HP: 66/70 MP: 7/13
  6918 | D:6      | Reached skill level 5 in Fire Magic
  7274 | D:6      | Learned a level 4 spell: Flame Wave
  7347 | D:7      | Found a basalt altar of Yredelemnul.
  7492 | D:7      | Reached skill level 7 in Conjurations
  8103 | D:7      | Reached XP level 10. HP: 84/87 MP: 2/14
  8226 | D:7      | Reached skill level 5 in Fighting
  8226 | D:7      | Reached skill level 8 in Conjurations
  8397 | D:7      | Found a staircase to the Ecumenical Temple.
  8406 | Temple   | Entered the Ecumenical Temple
  8528 | Temple   | Became a worshipper of Vehumet
  8919 | D:7      | Identified a scroll of acquirement
  8923 | D:7      | Acquired a staff of conjuration
  9012 | D:8      | Noticed Joseph
  9071 | D:8      | Found a flagged portal.
  9085 | D:8      | Killed Joseph
  9417 | Bailey   | Entered a bailey
  9647 | Bailey   | Reached * piety under Vehumet
  9647 | Bailey   | Offered knowledge of Freeze by Vehumet.
  9734 | Bailey   | Reached skill level 1 in Ice Magic
  9736 | Bailey   | Slain by a gnoll sergeant

Illustrated notes

Levels and vault maps discovered:
D:1:      onia_arrival_pyramid, layout_loops_corners, serial_shops,
          nicolae_diamond_shop, hellmonk_ecumenical_altar_watching_god,
          minmay_misc_feat_ornament, minmay_misc_feat_four_crosses
D:2:      layout_loops_ring, uniq_jessica
D:3:      layout_rooms, uniq_crazy_yiuf_cottage, uniq_sigmund
D:4:      layout_basic, mainiacjoe_overflow_six_doors_small,
          nicolae_qazlal_scattered_showers, overflow_temple_1_default
D:5:      layout_rooms, mainiacjoe_overflow_catwalk, nemelex_spade_bored_becter,
          chequers_ossuary_entry_cave, dk_noncrumbling_2,
          minmay_chambers_of_fives
D:6:      layout_loops_ring, lightli_sewer_entry_pipes, minmay_misc_feat_five
D:7:      layout_basic, nicolae_yredelemnul_corpse_copse,
          minmay_temple_entry_sparse_star
D:8:      lemuel_ratsnest, layout_basic, enter_bailey_4,
          ebering_dispersal_statue_hall, uniq_joseph
Temple:   jpeg_temple_clearing
Bailey:   bailey_polearm_gnolls_kennysheep, bailey

Skill      XL: |  1  2  3  4  5  6  7  8  9 10 |
---------------+-------------------------------+-----
Conjurations   | 1 2 3 4 6 7 8 |  8.6
Stealth        | 4 5 6 |  6.7
Spellcasting   | 3 4 |  4.4
Earth Magic    | 4 |  4.9
Short Blades   | 2 3 4 |  4.0
Fire Magic     | 2 4 6 |  6.9
Fighting       | 1 4 6 |  6.0
Ice Magic      | 1 |  1.1
Dodging        | |  1.5
Transmutations | |  1.0

Action                   |  1- 3 |  4- 6 |  7- 9 | 10-12 || total
-------------------------+-------+-------+-------+-------++-------
Melee: Unarmed           |     9 |       |       |       ||     9
       Dagger            |    45 |   100 |   271 |    58 ||   474
 Cast: Sandblast         |    18 |    39 |    55 |    12 ||   124
       Stone Arrow       |       |       |     3 |       ||     3
       Flame Wave        |       |       |     6 |    10 ||    16
 Abil: Spit Poison       |       |    11 |     5 |     1 ||    17
  Use: Scroll            |     1 |     3 |     9 |     5 ||    18
       Potion            |       |       |     1 |     6 ||     7
 Stab: Sleeping          |     8 |     7 |    15 |     2 ||    32
       Invisible         |       |       |       |     1 ||     1
Armor: Robe              |     8 |    48 |   135 |    25 ||   216
       Skin              |       |       |       |    25 ||    25
Dodge: Dodged            |    33 |    71 |   165 |    58 ||   327

Table legend: (Time is in decaauts)
 A = Elapsed time spent in this place.
 B = Non-inter-level travel time spent in this place.
 C = Inter-level travel time spent in this place.
 D = Time resting spent in this place.
 E = Time spent auto-exploring this place.
 F = Levels seen in this place.
 G = Mean time per level.
                   A        B        C        D        E       F      G
               +--------+--------+--------+--------+--------+-----+--------+
         Total |  11709 |  10958 |    751 |   1540 |   7164 |  11 | 1064.5 |
       Dungeon |  10443 |   9752 |    691 |   1093 |   6718 |   8 | 1305.4 |
        Temple |    197 |    137 |     60 |      0 |    116 |   1 |  197.0 |
       Ossuary |    719 |    719 |      0 |    244 |    283 |   1 |  719.0 |
        Bailey |    349 |    349 |      0 |    202 |     45 |   1 |  349.0 |
               +--------+--------+--------+--------+--------+-----+--------+

Top non-repeatable levels by time:
     D:2: 1573 daAuts
     D:4: 1523 daAuts
     D:7: 1494 daAuts
     D:6: 1485 daAuts
     D:1: 1370 daAuts
     D:5: 1291 daAuts
     D:3: 1261 daAuts
 Ossuary: 719 daAuts
     D:8: 443 daAuts
  Bailey: 349 daAuts
  Temple: 197 daAuts
